 Dungeon Crawl Stone Soup version 0.32-a0-132-g2d33c3cfaf (webtiles) character file.

Game seed: 3382889555243638654

3983 jasper the Mimic (level 10, -7/48 (59) HPs)
             Began as a Deep Elf Conjurer on Feb 9, 2024.
             Was a Follower of Sif Muna.
             Killed by divine providence
             ... invoked by Jeremiah
              (13 damage)
             ... on level 9 of the Dungeon.
             The game lasted 00:14:29 (8238 turns).

jasper the Mimic (Deep Elf Conjurer)                Turns: 8238, Time: 00:14:30

HP:   -7/48 (59)    AC:  8    Str:  4    XL:     10   Next: 2%
MP:   16/21         EV: 12    Int: 28    God:    Sif Muna [*.....]
Gold: 544           SH:  0    Dex: 13    Spells: 10/21 levels left

rFire   . . .        f - +0 short sword (venom)
rCold   . . .        (no shield)
rNeg    . . .        B - +0 steam dragon scales
rPois   .            t - +1 helmet
rElec   .            (no cloak)
rCorr   .            q - +0 pair of gloves
SInv    .            (no boots)
Will    +....        u - amulet of magic regeneration
Stlth   ++           (no ring)
HPRegen 0.28/turn    (no ring)
MPRegen 0.57/turn

%: no passive effects
@: very slightly contaminated, heavily drained
A: no striking features
a: Renounce Religion, Channel Magic


You were on level 9 of the Dungeon.
You worshipped Sif Muna.
Sif Muna was aware of your devotion.
You visited 2 branches of the dungeon, and saw 10 of its levels.

You collected 544 gold pieces.

Inventory:

Hand Weapons
 f - a +0 short sword of venom (weapon)
Armour
 a - a +0 robe
 j - the +1 leather armour of the Skiapode {+Blink Will+}
   (You found it on level 3 of the Dungeon)

   Will+:     It increases your willpower.
   +Blink:    It lets you blink.
 q - a +0 pair of gloves (worn)
 t - a +1 helmet (worn)
 A - a +2 robe of cold resistance
 B - +0 steam dragon scales (worn)
 D - the +0 helmet "Paithruffa" {rF++ rC- MP+9}
   (You found it on level 8 of the Dungeon)

   rF++:      It greatly protects you from fire.
   rC-:       It makes you vulnerable to cold.
   MP+9:      It affects your magic capacity (+9).
Jewellery
 s - a ring of protection from cold
 u - an amulet of magic regeneration (around neck)
Talismans
 n - a serpent talisman
 x - a talisman of death
Wands
 i - a wand of roots (4)
 l - a wand of mindburst (12)
 v - a wand of flame (34)
 y - a wand of polymorph (8)
Scrolls
 c - 5 scrolls of identify
 o - 2 scrolls of fog
 p - a scroll of immolation
 r - 3 scrolls of teleportation
 z - a scroll of blinking
Potions
 d - a potion of mutation
 e - 3 potions of curing
 g - a potion of ambrosia
 h - 3 potions of attraction
 k - 7 potions of haste
 m - 4 potions of enlightenment
 w - a potion of berserk rage {unknown}
 C - a potion of lignification


   Skills:
 - Level 5.0 Fighting
 - Level 2.4 Dodging
 - Level 2.4 Stealth
 - Level 6.0 Spellcasting
 - Level 7.0 Conjurations
 - Level 5.0 Translocations
 - Level 5.0 Alchemy
 + Level 9.3 Shapeshifting


You had 10 spell levels left.
You knew the following spells:

 Your Spells              Type           Power      Damage    Failure   Level
a - Magic Dart            Conj           100%       1d8       1%          1
b - Searing Ray           Conj           94%        2d7       1%          2
c - Fulminant Prism       Conj/Alch      21%        3d12      4%          4
d - Iskenderun's Mystic   Conj/Tloc      42%        2d10      4%          4

Your spell library contained the following spells:

 Spells                   Type           Power      Damage    Failure   Level
 Kiss of Death            Conj/Necr      100%       2d13      1%          1
 Static Discharge         Conj/Air       56%        3-6/arc   2%          2
 Dazzling Flash           Conj/Hex       56%        N/A       4%          3
 Volatile Blastmotes      Fire/Tloc      44%        2d13      6%          3
 Confusing Touch          Hex            8%         N/A       19%         3
 Airstrike                Air            4%         2d(1-17)  52%         4
 Dispel Undead            Necr           8%         3d8       52%         4
 Summon Lightning Spire   Summ/Air       8%         N/A       52%         4
 Starburst                Conj/Fire      14%        6d6       91%         6
 Maxwell's Capacitive Co  Air            4%         ∞         100%        8


Dungeon Overview and Level Annotations

Branches:
Dungeon (9/15)             Temple (1/1) D:6
   Lair: D:8-11         Orc: D:9-12

Altars:
Ashenzari
Dithmenos
Elyvilon
Fedhas
Gozag
Hepliaklqana
Kikubaaqudgha
Makhleb
Nemelex Xobeh
Okawaru
Qazlal
Ru
Sif Muna
Trog
Uskayaw
Wu Jian
Xom
Yredelemnul
Zin

Shops:
D:7 *

Annotations:
D:5 Duvessa
D:9 Jeremiah


Message History

Aiming: Searing Ray (safe; 1% risk of failure)
Press: ? - help, Shift-Dir - straight line, f/p - Jeremiah
Aim: Jeremiah, wielding a +4 trident of draining, wearing a +0 robe and wearing an orb of guile (severely wounded, poisoned, 77% to hit)
The searing ray hits the butterfly!
You kill the butterfly!
The butterfly disappears in a burst of colours!
The searing ray hits Jeremiah.
Jeremiah is severely wounded.
The searing ray misses the butterfly. (Press . to maintain the ray.)
The human shouts!
Jeremiah hits you from afar with a +4 trident of draining!
You feel drained.
You take 14 damage, and have 20/48 hp.
MASSIVE DAMAGE!!
You now have 20/21 mp.
The searing ray hits the butterfly!
You kill the butterfly!
The butterfly disappears in a burst of colours!
The searing ray hits Jeremiah!
Jeremiah is almost dead.
The searing ray hits the butterfly.
You kill the butterfly!
The butterfly disappears in a burst of colours!
The searing ray hits the butterfly!
You kill the butterfly!
The butterfly disappears in a burst of colours! x2
Jeremiah shouts, "O dreadful one, destroy my foe!"
Something smites you!
* * * LOW HITPOINT WARNING * * *
The human shoots a sling bullet.
The sling bullet hits you but does no damage.
You take 15 damage, and have 5/48 hp.
MASSIVE DAMAGE!!
You now have 19/21 mp.
Casting: Searing Ray (safe; 1% risk of failure)
Confirm with . or Enter, or press ? or * to list all spells.
You miscast Iskenderun's Mystic Blast.
You are very lightly contaminated with residual magic.
Nothing appears to happen.
Jeremiah shouts, "O dreadful one, destroy my foe!"
Something smites you!
You die...
Jeremiah asks, "What happened?
Did... did you die?"

###################
#.).p..@bFbb......#
#.###############.#
#.# #.# #*#
#.###### #.b.#
#.##.... ##b...#
#.##.### Fb..#
#.##.# b.....
#.##.# ..b##.#
#.##.#


You could see Jeremiah (poisoned) and a human.

Vanquished Creatures
  A two-headed ogre (D:9)
  A wraith (D:8)
  A yak (D:9)
  A human (D:9)
  3 steam dragons
  3 water moccasins
  2 ice beasts (D:7)
  3 black bears
  An ogre (D:5)
  5 centaurs
  A phantom (D:6)
  Blork the orc (D:5)
  A kobold brigand (D:9)
  2 bullfrogs
  A scorpion (D:4)
  Dowan (D:5)
  3 wights (D:6)
  3 howler monkeys
  A bombardier beetle (D:4)
  A gnoll bouda (D:6)
  5 hounds
  A sleepcap (D:5)
  2 iguanas (D:5)
  An orc wizard (D:7)
  Robin (D:4)
  5 gnolls (D:6)
  9 adders
  2 shadow imps (D:7)
  3 white imps
  2 ribbon worms
  2 dart slugs
  15 orcs
  10 endoplasms
  3 giant cockroaches
  9 goblins
  12 hobgoblins
  3 jackals
  6 kobolds
  4 quokkas
  6 ball pythons
  7 bats
  A frilled lizard (D:3)
  4 rats (D:3)
149 creatures vanquished.

Vanquished Creatures (others)
  17 fulminant prisms
17 creatures vanquished.

Grand Total: 166 creatures vanquished

Notes
Turn   | Place    | Note
-------+----------+-------------------------------------------
     0 | D:1      | jasper the Deep Elf Conjurer began the quest for the Orb.
     0 | D:1      | Reached XP level 1. HP: 10/10 MP: 6/6
   389 | D:1      | Reached XP level 2. HP: 15/15 MP: 4/8
   392 | D:1      | Learned a level 2 spell: Searing Ray
  1082 | D:2      | Found a shimmering altar of Xom.
  1137 | D:2      | Reached XP level 3. HP: 19/19 MP: 7/11
  1471 | D:2      | Reached skill level 5 in Spellcasting
  1962 | D:3      | Identified the +1 leather armour of the Skiapode {+Blink
                  | Will+}
  2062 | D:3      | Reached XP level 4. HP: 24/24 MP: 8/13
  2072 | D:3      | Learned a level 4 spell: Fulminant Prism
  2077 | D:3      | Learned a level 4 spell: Iskenderun's Mystic Blast
  2719 | D:3      | Reached skill level 1 in Translocations
  2719 | D:3      | Reached skill level 1 in Alchemy
  3229 | D:4      | Found a shadowy altar of Dithmenos.
  3319 | D:4      | Reached XP level 5. HP: 28/28 MP: 11/15
  3496 | D:4      | Reached skill level 5 in Conjurations
  3793 | D:4      | Noticed Robin
  3801 | D:4      | Killed Robin
  4052 | D:5      | Entered Level 5 of the Dungeon
  4052 | D:5      | Noticed Dowan
  4053 | D:5      | Noticed Duvessa
  4108 | D:5      | Reached XP level 6. HP: 29/32 MP: 10/17
  4344 | D:5      | Noticed Blork the orc
  4353 | D:5      | Killed Dowan
  4362 | D:5      | Killed Blork the orc
  4363 | D:5      | Reached XP level 7. HP: 3/36 MP: 9/18
  4912 | D:6      | Found a staircase to the Ecumenical Temple.
  4927 | Temple   | Entered the Ecumenical Temple
  4937 | Temple   | Became a worshipper of Sif Muna the Loreminder
  5052 | D:6      | Reached skill level 5 in Translocations
  5052 | D:6      | Reached skill level 5 in Alchemy
  5052 | D:6      | Reached XP level 8. HP: 39/41 MP: 11/19
  5054 | D:6      | Reached skill level 1 in Fighting
  5054 | D:6      | Reached skill level 1 in Shapeshifting
  5189 | D:6      | Reached skill level 2 in Shapeshifting
  5598 | D:7      | Reached skill level 3 in Shapeshifting
  5671 | D:7      | Reached skill level 4 in Shapeshifting
  5752 | D:7      | Reached * piety under Sif Muna
  6026 | D:7      | Found an ornate altar of the Wu Jian Council.
  6166 | D:7      | Found Riteca's Island Escapes.
  6194 | D:7      | Reached skill level 5 in Shapeshifting
  6194 | D:7      | Reached XP level 9. HP: 52/52 MP: 14/20
  6788 | D:8      | Identified the +0 helmet "Paithruffa" {rF++ rC- MP+9}
  6932 | D:8      | Found a hazy altar of Hepliaklqana.
  6941 | D:8      | Found an opulent altar of Gozag.
  6941 | D:8      | Found a sacrificial altar of Ru.
  6942 | D:8      | Found an ancient bone altar of Kikubaaqudgha.
  7089 | D:8      | Reached skill level 5 in Fighting
  7089 | D:8      | Reached skill level 6 in Shapeshifting
  7197 | D:8      | Found an iron altar of Okawaru.
  7722 | D:9      | Reached skill level 7 in Shapeshifting
  7983 | D:9      | Reached skill level 8 in Shapeshifting
  8164 | D:9      | Noticed a two-headed ogre
  8208 | D:9      | Killed a two-headed ogre
  8209 | D:9      | Reached skill level 9 in Shapeshifting
  8209 | D:9      | Reached XP level 10. HP: 52/59 MP: 9/21
  8213 | D:9      | Noticed Jeremiah
  8238 | D:9      | Killed from afar by Jeremiah

Illustrated notes

Levels and vault maps discovered:
D:1:      psy_arrival_fountain, layout_basic, minmay_tall_x
D:2:      layout_basic, basic_altar, grunt_ministairs_1,
          chequers_serial_rivers_micro_a
D:3:      minmay_diamond_boxcup, layout_basic, corexii_shack
D:4:      layout_loops_cross, nicolae_dithmenos_through_a_glass_darkly,
          chequers_serial_rivers_micro_d, hangedman_abyss_or_decor_slice,
          uniq_robin
D:5:      layout_basic, tso_altar, nicolae_vehumet_altar_sigil,
          grunt_ministairs_10, uniq_blork_the_orc, uniq_duvessa
D:6:      layout_gridville, minmay_temple_entry_statues_fountains
D:7:      layout_loops_cross, mainiacjoe_overflow_boulevard,
          nicolae_island_escapes
D:8:      layout_loops_ring, old_standard_altar, minitemple
D:9:      layout_basic, minmay_ruffians, uniq_jeremiah
Temple:   hellmonk_temple_flake

Skill      XL: |  1  2  3  4  5  6  7  8  9 |
---------------+----------------------------+-----
Spellcasting   | 4 5 6 |  6.0
Translocations | 1 2 3 5 |  5.0
Alchemy        | 1 2 3 5 |  5.0
Conjurations   | 5 6 7 |  7.0
Fighting       | 4 5 |  5.0
Shapeshifting  | 5 9 |  9.3
Dodging        | |  2.4
Stealth        | |  2.4

Action                     |  1- 3 |  4- 6 |  7- 9 | 10-12 || total
---------------------------+-------+-------+-------+-------++-------
  Melee: Short sword       |       |    11 |    17 |     3 ||    31
         Punch             |       |       |     3 |       ||     3
   Cast: Magic Dart        |    64 |   104 |    99 |       ||   267
         Searing Ray       |     1 |    13 |    34 |     1 ||    49
         Fulminant Prism   |       |     1 |    12 |     4 ||    17
         Iskenderun's Myst |       |       |    18 |     1 ||    19
  Evoke: Wand              |       |       |       |     2 ||     2
    Use: Scroll            |    10 |       |     7 |       ||    17
         Potion            |       |     1 |       |     2 ||     3
 Armour: Leather armour    |     2 |    42 |    14 |       ||    58
         Steam dragon scal |       |       |    65 |     8 ||    73
         Robe              |       |       |     5 |       ||     5
  Dodge: Dodged            |     7 |    27 |    53 |     1 ||    88

Table legend: (Time is in decaauts)
 A = Elapsed time spent in this place.
 B = Non-inter-level travel time spent in this place.
 C = Inter-level travel time spent in this place.
 D = Time resting spent in this place.
 E = Time spent auto-exploring this place.
 F = Levels seen in this place.
 G = Mean time per level.
                   A        B        C        D        E       F      G
               +--------+--------+--------+--------+--------+-----+--------+
         Total |   8255 |   7946 |    309 |    449 |   6516 |  10 |  825.5 |
       Dungeon |   8234 |   7943 |    291 |    449 |   6516 |   9 |  914.9 |
        Temple |     20 |      2 |     18 |      0 |      0 |   1 |   20.0 |
               +--------+--------+--------+--------+--------+-----+--------+

Top non-repeatable levels by time:
     D:3: 1396 daAuts
     D:7: 1077 daAuts
     D:4: 997 daAuts
     D:1: 990 daAuts
     D:6: 989 daAuts
     D:8: 957 daAuts
     D:2: 715 daAuts
     D:9: 596 daAuts
     D:5: 514 daAuts
  Temple: 20 daAuts
